 Dungeon Crawl Stone Soup version 0.30.0-29-ga12c61a403 (webtiles) character file.

Game seed: 14637189015944991357

135956 Amplified the Fighter (level 16, -4/134 HPs)
             Began as a Demonspawn Ice Elementalist on June 3, 2023.
             Was an Initiate of Gozag.
             Slain by a jorogumo (24 damage)
             ... on level 4 of the Spider Nest on June 7, 2023.
             The game lasted 01:24:17 (36544 turns).

Amplified the Fighter (DsIE)                       Turns: 36544, Time: 01:24:17

Health: -4/134     AC:  4    Str:  9 (15) XL:     16   Next: 65%
Magic:  32/32      EV: 13    Int: 24      God:    Gozag
Gold:   2684       SH:  0    Dex: 14 (15) Spells: 4/40 levels left

rFire   . . .        O - +12 pair of quick blades "Gyre" and "Gimble" {protect}
rCold   . . .        (shield currently unavailable)
rNeg    + + +        y - +1 robe of Doomed Contentment {rElec rN+ Slay+5}
rPois   +            b - +1 helmet
rElec   +            e - +0 cloak
rCorr   .            (gloves unavailable)
SInv    .            p - +1 pair of boots {rampage}
Will    +....        u - amulet of Seokhurije {Reflect Str+3 Int+4 SH+5}
Stlth   +            I - ring of poison resistance
HPRegen 0.42/turn    R - ring "Muist" {Contam rN++ Slay+4}
MPRegen 0.23/turn

%: reflection, rampage
@: confused, corroded, slowed, studying Translocations, very slow
A: hooves 2, foul stench 1, demonic magic 1, weakness stinger 2, demonic touch 3
a: Renounce Religion, Potion Petition, Call Merchant, Bribe Branch


You were on level 4 of the Spider Nest.
You worshipped Gozag.
Gozag was most pleased with you.
You visited 5 branches of the dungeon, and saw 27 of its levels.
You also visited: Bailey.

You collected 11877 gold pieces.
You spent 6051 gold pieces at shops.
You paid 3142 gold pieces to Gozag.

Inventory:

Hand Weapons
 h - a +5 demon blade of electrocution
 j - a +1 dagger of venom
 q - the +7 war axe "Xaoghony" {freeze, rC++ Str-4 Int+4}
   (You found it on level 11 of the Dungeon)

   Str:       It affects your strength (-4).
   Int:       It affects your intelligence (+4).
   rC:        It greatly protects you from cold.
 O - the +12 pair of quick blades "Gyre" and "Gimble" (weapon) {protect}
   (You found it on level 1 of the Orcish Mines)
 P - the +4 triple sword "Jyxikad" {freeze, Str+5}
   (You found it on level 1 of the Orcish Mines)

   Str:       It affects your strength (+5).
Missiles
 c - a throwing net (quivered)
Armour
 b - a +1 helmet (worn)
 e - a +0 cloak (worn)
 p - a +1 pair of boots of rampaging (worn)
 y - the +1 robe of Doomed Contentment (worn) {rElec rN+ Slay+5}
   (You bought it in a shop on level 2 of the Dungeon)

   Slay:      It affects your accuracy & damage with ranged weapons and melee
   (+5).
   rElec:     It insulates you from electricity.
   rN:        It protects you from negative energy.
Magical Staves
 N - a staff of air
Jewellery
 d - the amulet "Feqol" {Rampage rF+ Regen+}
   (You found it on level 3 of the Spider Nest)

   [amulet of regeneration]

   rF:        It protects you from fire.
   Regen:     It increases your rate of health regeneration.
   Rampage:   It bestows one free step when moving towards enemies.
 u - the amulet of Seokhurije (around neck) {Reflect Str+3 Int+4 SH+5}
   (You bought it in a shop on level 9 of the Dungeon)

   [amulet of reflection]

   It reflects blocked missile attacks.
   Str:       It affects your strength (+3).
   Int:       It affects your intelligence (+4).
   SH:        It affects your SH (+5).
 B - a ring of protection from fire
 D - a ring of resist corrosion
 I - a ring of poison resistance (left hand)
 R - the ring "Muist" (right hand) {Contam rN++ Slay+4}
   (You bought it in a shop on level 9 of the Dungeon)

   [ring of slaying]

   Slay:      It affects your accuracy & damage with ranged weapons and melee
   (+4).
   rN:        It greatly protects you from negative energy.
   Contam:    It causes magical contamination when unequipped.
Wands
 f - a wand of flame (73)
 z - a wand of light (6)
 A - a wand of iceblast (7)
 C - a wand of mindburst (5)
 J - a wand of charming (9)
 S - a wand of digging (10)
Scrolls
 g - 11 scrolls of amnesia
 i - a scroll of fog
 m - 12 scrolls of teleportation
 n - a scroll of summoning
 o - 6 scrolls of identify
 s - a scroll of brand weapon
 L - 2 scrolls of silence
 Q - 6 scrolls of blinking
 T - a scroll of fear
 U - a scroll of magic mapping
 W - 2 scrolls of enchant weapon
Potions
 a - 5 potions of might
 k - 3 potions of lignification
 l - a potion of resistance
 r - 6 potions of brilliance
 t - 3 potions of flight
 w - 9 potions of curing
 x - a potion of ambrosia
 E - a potion of cancellation
 F - a potion of berserk rage
 G - a potion of invisibility
 H - 4 potions of haste
 K - 3 potions of heal wounds
 M - a potion of attraction
 V - a potion of magic
Miscellaneous
 v - a phantom mirror


   Skills:
 * Level 14.7 Fighting
 * Level 5.8(8.1) Short Blades
 - Level 8.6(9.4) Long Blades
 - Level 4.0 Armour
 - Level 4.4 Dodging
 - Level 1.7 Stealth
 * Level 12.9 Spellcasting
 - Level 9.4 Conjurations
 * Level 8.5 Translocations
 - Level 6.5 Ice Magic
 - Level 6.6 Air Magic
 * Level 12.3 Earth Magic


You had 4 spell levels left.
You knew the following spells:

 Your Spells              Type           Power      Damage    Failure   Level
a - Freeze                Ice            100%       1d10      1%          1
b - Frozen Ramparts       Ice            92%        1d14      1%          3
c - Ozocubu's Armour      Ice            46%        N/A       1%          3
d - Mephitic Cloud        Conj/Pois/Air  41%        N/A       1%          3
e - Passwall              Tmut/Erth      37%        N/A       1%          2
f - Stone Arrow           Conj/Erth      100%       3d13      1%          3
g - Iron Shot             Conj/Erth      30%        9d6       7%          6
h - Petrify               Tmut/Erth      45%        N/A       3%          4
i - Dispersal             Tloc           27%        N/A       19%         6
j - Arcjolt               Conj/Air       26%        1d36      4%          5

Your spell library contained the following spells:

 Spells                   Type           Power      Damage    Failure   Level
 Kiss of Death            Conj/Necr      100%       2d13      1%          1
 Magic Dart               Conj           100%       1d8       1%          1
 Sandblast                Erth           100%       2d20      1%          1
 Ensorcelled Hibernation  Hex/Ice        62%        N/A       1%          2
 Gell's Gravitas          Tloc           54%        N/A       1%          3
 Hailstorm                Conj/Ice       52%        3d12      1%          3
 Swiftness                Air            47%        N/A       1%          3
 Teleport Other           Tloc           54%        N/A       1%          3
 Vhi's Electric Charge    Tloc/Air       100%       N/A       1%          3
 Cigotuvi's Dreadful Rot  Necr/Pois/Air  52%        N/A       2%          2
 Animate Armour           Summ/Erth      90%        N/A       3%          4
 Necrotise                Necr           60%        1d7       4%          1
 Flame Wave               Conj/Fire      38%        2d10      5%          4
 Call Imp                 Summ           30%        N/A       6%          2
 Scorch                   Fire           30%        2d6       6%          2
 Sublimation of Blood     Necr           15%        N/A       6%          2
 Ice Form                 Ice/Tmut       31%        N/A       10%         4
 Summon Ice Beast         Ice/Summ       31%        N/A       10%         4
 Confusing Touch          Hex            15%        N/A       12%         3
 Vampiric Draining        Necr           15%        2d7       12%         3
 Dispel Undead            Necr           15%        3d10      36%         4
 Irradiate                Conj/Tmut      19%        3d18      16%         5
 Summon Forest            Summ/Tloc      17%        N/A       19%         5
 Agony                    Necr           15%        N/A       73%         5
 Blade Hands              Tmut           7%         N/A       73%         5
 Plasma Beam              Fire/Air       15%        2x1d29    83%         6
 Ozocubu's Refrigeration  Ice            23%        4d12      92%         7
 Death Channel            Necr           7%         N/A       99%         6
 Eringya's Noxious Bog    Tmut/Pois      7%         N/A       99%         6
 Summon Cactus Giant      Summ           7%         N/A       99%         6
 Summon Hydra             Summ           7%         N/A       100%        7
 Polar Vortex             Ice            23%        N/A       100%        9
 Simulacrum               Ice/Necr       Unusable   N/A       N/A         6

Dungeon Overview and Level Annotations

Branches:
Dungeon (15/15)            Temple (1/1) D:4            Lair (5/5) D:11
 Shoals (0/4) Lair:2       Spider (4/4) Lair:3        Slime (0/5) Lair:4
    Orc (2/2) D:9             Elf (0/3) Orc:2        Vaults (0/5) D:14
 Depths (0/4) D:15         Bailey (visited)

Altars:
Ashenzari
Cheibriados
Dithmenos
Fedhas
Gozag
Hepliaklqana
Kikubaaqudgha
Makhleb
Nemelex Xobeh
Okawaru
Qazlal
Ru
Sif Muna
Trog
Uskayaw
Vehumet
Wu Jian
Xom
Yredelemnul
Jiyva

Shops:
D:2 ((*([   D:9 =[   Orc:2 :!??   Lair:1 [   Lair:5 [

Annotations:
D:12 3 runed translucent doors, Peloso's ghost, journeyman MiFi
D:13 1 runed translucent door
Lair:4 1 runed translucent door, Rupert


Innate Abilities, Weirdness & Mutations

You have hoof-like feet.
You may rarely emit foul miasma when damaged in melee.
Spells you cast may paralyse adjacent enemies.
You have a tail ending in a sharp stinger.
Your touch may irresistibly damage your foes and sap their willpower.


Message History

The entropy weaver shouts!
The tarantella's many legs skitter faintly.
The tarantella touches you.
You are confused.
The tarantella misses you.
The emperor scorpion stings you but does no damage.
The emperor scorpion completely misses you.
The emperor scorpion claws you. The tarantella barely misses you.
There is a stone staircase leading up, spattered with blood here.
Unknown command.
You're too confused to cast spells.
Unknown command.
Unknown command.
You feel better.
The tarantella touches you but does no damage.
A culicivora comes into view.
The spark wasp stings you!! The spark wasp shocks you. You resist.
The tarantella touches you!
You are confused.
The entropy weaver casts a spell at you.
The entropic weave corrodes you! The culicivora bites you.
The tarantella barely misses you. The jorogumo hits you!
You feel yourself slow down.
The emperor scorpion stings you but does no damage.
The emperor scorpion claws you.
The emperor scorpion closely misses you.
The spark wasp stings you! The spark wasp shocks you. You resist.
You emit a cloud of foul miasma!
The culicivora bites you! The tarantella touches you!
* * * LOW HITPOINT WARNING * * *
You are more confused.
The entropy weaver hits you!
* * * LOW HITPOINT WARNING * * *
The entropy weaver hits you.
* * * LOW HITPOINT WARNING * * *
The entropy weaver hits you.
* * * LOW HITPOINT WARNING * * *
The entropy weaver closely misses you. The jorogumo hits you!!
You die...
Your body crumbles into a pile of gold.

.. ~~ ..8 ##~~ 8 ....
#~~# ^ .)8.###~~## .8
.....#~~~~##...
#.....~~~.~^...
..$...s.B......
......s@Hs.....
...^........syss..^s#^
......^.....s#..#.....
#^.?......#...s.# ....
..........s...... .^#
........ws........ ..
^........s.#.#.... .
...................
#.<.#


You could see an emperor scorpion, a jorogumo, an entropy weaver, a steelbarb
worm, a spark wasp, a wolf spider, 2 culicivoras, 5 tarantellas and 3 redbacks.

Vanquished Creatures
  Nikola (Spider:2)
  Gastronok (D:11)
  A ghost moth (Spider:3)
  An orc warlord (Orc:2)
  A broodmother (Spider:3)
  A spark wasp (Spider:1)
  An ettin (Orc:1)
  4 entropy weavers
  The ghost of Tyszek the Severer, a journeyman MiFi of the Shining One (D:10)
  Harold (D:9)
  2 radroaches (Spider:3)
  6 hydras
  6 centaur warriors
  3 boulder beetles
  An ogre mage (D:14)
  2 catoblepae
  A tengu warrior (D:15)
  6 two-headed ogres
  9 death yaks
  A deep troll shaman (Lair:5)
  3 skysharks
  Lodul (D:12)
  8 pharaoh ants
  A sun moth (Spider:3)
  An orb spider (Spider:3)
  A wizard (D:15)
  5 steelbarb worms
  2 orc knights (Orc:2)
  A necromancer (D:15)
  3 deep elf pyromancers
  14 wolf spiders
  An ugly thing (D:12)
  A moth of wrath (Spider:2)
  3 orc sorcerers
  20 cyclopes
  5 manticores
  13 elephants (Lair:5)
  5 demonic crawlers
  3 black mambas
  A naga mage (D:15)
  A torpor snail (Spider:3)
  2 unseen horrors (D:12)
  2 centaur skeletons (D:15)
  9 cane toads
  4 kobold demonologists
  3 rime drakes
  A komodo dragon (shapeshifter) (D:14)
  A freezing wraith (D:14)
  A tengu conjurer (D:15)
  12 komodo dragons
  A queen bee (D:8)
  4 trolls
  A troll (shapeshifter) (D:15)
  4 polar bears
  3 meliai (D:15)
  20 tarantellas
  A wind drake (shapeshifter) (D:13)
  A raiju (shapeshifter) (D:13)
  10 dream sheep
  12 blink frogs
  An air elemental (D:11)
  A centaur simulacrum (D:15)
  18 culicivoras
  13 jumping spiders
  6 slime creatures
  A vampire (D:14)
  3 wraiths
  67 yaks
  2 water elementals
  A fire elemental (D:11)
  6 wyverns
  A culicivora (shapeshifter) (D:14)
  A spriggan (shapeshifter) (D:14)
  3 shadows
  A human (Lair:4)
  A golden eye (shapeshifter) (D:14)
  Grum (D:9)
  40 redbacks
  7 vampire mosquitoes
  4 basilisks
  8 wargs
  An acid dragon (D:12)
  15 water moccasins
  7 ice beasts (D:11)
  51 orc warriors
  A black bear (Lair:3)
  A hornet zombie (D:15)
  19 ogres
  29 wolves
  34 centaurs
  2 phantoms
  5 kobold brigands
  A gnoll sergeant (D:13)
  A scorpion (D:4)
  12 bullfrogs
  An earth elemental (D:11)
  12 wights
  23 killer bees
  2 electric eels (D:12)
  9 jellies
  3 hounds
  15 orc priests
  A sleepcap (D:7)
  Jessica (D:2)
  Natasha (thrice) (D:2)
  6 iguanas
  20 orc wizards
  Robin (D:2)
  5 gnolls (D:13)
  3 adders
  A shadow imp (D:7)
  2 white imps
  An ufetubus (D:4)
  4 worms
  3 dart slugs (D:1)
  112 orcs
  7 bats
  9 endoplasms
  A giant cockroach (D:1)
  13 hobgoblins
  10 jackals
  21 kobolds
  4 quokkas
  7 ball pythons
  6 frilled lizards
  13 goblins
  2 rats
  A butterfly (Lair:4)
922 creatures vanquished.

Vanquished Creatures (collateral kills)
  A stone giant (Orc:1)
  2 cyclopes (Orc:1)
  An ogre (D:14)
4 creatures vanquished.

Grand Total: 926 creatures vanquished

Notes
Turn   | Place    | Note
-------+----------+-------------------------------------------
     0 | D:1      | Amplified the Demonspawn Ice Elementalist began the quest
                  | for the Orb.
     0 | D:1      | Reached XP level 1. HP: 13/13 MP: 3/3
     0 | D:1      | Noticed a demonspawn zombie
    19 | D:1      | Noticed a minotaur zombie
   188 | D:1      | Discovered your monstrous ancestry.
   188 | D:1      | Gained mutation: You have a small tail. [demonic ancestry]
   188 | D:1      | Reached XP level 2. HP: 20/20 MP: 1/5
   427 | D:1      | Reached skill level 1 in Fighting
   640 | D:1      | Gained mutation: Your touch may inflict minor irresistible
                  | damage on your foes. [demonic ancestry]
   640 | D:1      | Reached XP level 3. HP: 26/26 MP: 4/6
   880 | D:1      | Learned a level 3 spell: Frozen Ramparts
  1019 | D:2      | Noticed Robin
  1033 | D:2      | Killed Robin
  1034 | D:2      | Reached skill level 1 in Armour
  1127 | D:2      | Found Ohaov's Antique Weapon Shoppe.
  1146 | D:2      | Found Tarchaemo's Armour Shoppe.
  1149 | D:2      | Found an iron altar of Okawaru.
  1159 | D:2      | Learned a level 3 spell: Ozocubu's Armour
  1175 | D:2      | Noticed Natasha
  1180 | D:2      | Killed Natasha
  1181 | D:2      | Reached XP level 4. HP: 23/33 MP: 1/7
  1499 | D:2      | Noticed Natasha
  1594 | D:2      | Killed Natasha
  1595 | D:2      | Reached skill level 2 in Fighting
  1716 | D:2      | Noticed Jessica
  1722 | D:2      | Killed Jessica
  1723 | D:2      | Gained mutation: Your touch may inflict irresistible damage
                  | on your foes. [demonic ancestry]
  1723 | D:2      | Reached XP level 5. HP: 30/38 MP: 2/9
  1796 | D:2      | Found Voer Boe's Antique Weapon Boutique.
  1806 | D:2      | Found Vitryi's Assorted Antiques.
  1877 | D:2      | Found Cyireol's Antique Weapon Shop.
  1877 | D:2      | Noticed Natasha
  2158 | D:2      | Learned a level 3 spell: Mephitic Cloud
  2219 | D:3      | Noticed an ogre
  2267 | D:3      | Noticed a phantom
  2301 | D:2      | Killed Natasha
  2398 | D:4      | Noticed a centaur
  2406 | D:4      | Killed a centaur
  2407 | D:4      | Gained mutation: You may rarely emit foul miasma when
                  | damaged in melee. [demonic ancestry]
  2407 | D:4      | Reached XP level 6. HP: 26/46 MP: 1/11
  2486 | D:4      | Reached skill level 3 in Fighting
  2494 | D:4      | Found a staircase to the Ecumenical Temple.
  2506 | Temple   | Entered the Ecumenical Temple
  2604 | Temple   | Became a worshipper of Gozag Ym Sagoz the Greedy
  3057 | D:3      | Found a faded altar of an unknown god.
  3399 | D:4      | Found a bloodstained altar of Trog.
  3924 | D:3      | Found a shadowy altar of Dithmenos.
  4055 | D:3      | Reached XP level 7. HP: 53/53 MP: 6/13
  4314 | D:3      | Reached skill level 4 in Fighting
  4447 | D:3      | Found a burning altar of Makhleb.
  4448 | D:3      | Found a sacrificial altar of Ru.
  4448 | D:3      | Found a radiant altar of Vehumet.
  4528 | D:2      | Bought a jewelled dagger for 189 gold pieces
  4528 | D:2      | Identified the +1 dagger of the Teaching Ancients {holy,
                  | rC+ rN+ Dex+2} (You bought it in a shop on level 2 of the
                  | Dungeon)
  4627 | D:5      | Entered Level 5 of the Dungeon
  4704 | D:5      | Reached skill level 5 in Ice Magic
  5466 | D:6      | Learned a level 2 spell: Passwall
  5637 | D:6      | Reached skill level 5 in Spellcasting
  5637 | D:6      | Reached XP level 8. HP: 54/61 MP: 8/15
  5933 | D:6      | Reached skill level 5 in Fighting
  6928 | D:7      | Reached skill level 6 in Fighting
  7043 | D:7      | Found a hazy altar of Hepliaklqana.
  7784 | D:2      | Bought the +1 robe of Doomed Contentment {rElec rN+ Slay+5}
                  | for 583 gold pieces
  7941 | D:6      | Learned a level 3 spell: Stone Arrow
  8248 | D:8      | Reached skill level 1 in Air Magic
  8248 | D:8      | Reached skill level 1 in Earth Magic
  8248 | D:8      | Gained mutation: You have large cloven feet. [demonic
                  | ancestry]
  8248 | D:8      | Reached XP level 9. HP: 71/71 MP: 9/18
  9064 | D:8      | Reached skill level 7 in Fighting
  9237 | D:8      | Noticed a queen bee
  9392 | D:9      | Noticed Harold
  9474 | D:9      | Noticed a cyclops
  9492 | D:9      | Killed a cyclops
  9570 | D:9      | Gained mutation: Spells you cast may paralyse adjacent
                  | enemies. [demonic ancestry]
  9570 | D:9      | Reached XP level 10. HP: 63/80 MP: 19/21
  9754 | D:9      | Killed Harold
  9755 | D:9      | Reached skill level 8 in Fighting
 10007 | D:9      | Found a staircase to the Orcish Mines.
 10250 | D:9      | Noticed Grum
 10265 | D:9      | Killed Grum
 10338 | D:9      | Found an ornate altar of the Wu Jian Council.
 10420 | D:9      | Found Xinihi's Armour Boutique.
 10428 | D:9      | Bought a +1 pair of boots of rampaging for 280 gold pieces
 10651 | D:10     | Entered Level 10 of the Dungeon
 10676 | D:10     | Found a flagged portal.
 10710 | Bailey   | Entered a bailey
 10880 | Bailey   | Reached skill level 5 in Air Magic
 10905 | Bailey   | Reached skill level 5 in Earth Magic
 11499 | Bailey   | Reached skill level 9 in Fighting
 11533 | Bailey   | Reached XP level 11. HP: 34/89 MP: 0/23
 12690 | D:10     | Found a runed translucent gate.
 12690 | D:10     | Found a runed translucent gate.
 12690 | D:10     | Noticed a ten-headed hydra
 12690 | D:10     | Noticed Tyszek's ghost (journeyman MiFi)
 12691 | D:10     | Found a runed translucent gate.
 12921 | D:11     | Noticed a sixfirhy
 13611 | D:10     | Learned a level 6 spell: Iron Shot
 13681 | D:10     | Reached skill level 1 in Conjurations
 13778 | D:11     | Reached skill level 1 in Long Blades
 13837 | D:11     | Noticed a deep elf pyromancer
 13854 | D:11     | Killed a deep elf pyromancer
 13855 | D:11     | Reached skill level 10 in Fighting
 13970 | D:11     | Noticed a sixfirhy
 14135 | D:11     | Found a large runed translucent door.
 14135 | D:11     | Found a large runed translucent door.
 14264 | D:11     | Identified the +0 chain mail of the Farmer {+Inv MP+9
                  | Str+3}
 14306 | D:11     | Found a staircase to the Lair.
 14377 | D:11     | Identified the +3 scale mail "Nykotaus" {rF+ Dex+3}
 14385 | D:11     | Gained mutation: You have hoof-like feet. [demonic
                  | ancestry]
 14385 | D:11     | Reached XP level 12. HP: 72/97 MP: 25/25
 14493 | D:11     | Noticed Gastronok
 14511 | D:11     | Killed Gastronok
 14756 | D:11     | Paralysed by an air elemental for 1 turns
 14782 | D:11     | Identified the +7 war axe "Xaoghony" {freeze, rC++ Str-4
                  | Int+4}
 14923 | D:12     | Noticed Peloso's ghost (journeyman MiFi)
 14924 | D:12     | Noticed a minotaur
 14925 | D:12     | Noticed a centaur warrior
 14936 | D:12     | Noticed a two-headed ogre
 14943 | D:12     | Killed a two-headed ogre
 15027 | D:12     | Found a runed translucent gate.
 15027 | D:12     | Found a runed translucent gate.
 15027 | D:12     | Found a runed translucent gate.
 15164 | D:12     | Reached skill level 10 in Spellcasting
 15316 | D:12     | Noticed Lodul
 15345 | D:12     | Killed Lodul
 15726 | D:12     | Reached skill level 11 in Fighting
 15734 | D:12     | Noticed a centaur warrior
 15749 | D:12     | Killed a centaur warrior
 15750 | D:12     | Reached skill level 5 in Conjurations
 16315 | Lair:1   | Entered Level 1 of the Lair of Beasts
 16598 | Lair:1   | Learned a level 4 spell: Petrify
 16892 | Lair:1   | Reached skill level 5 in Long Blades
 16893 | Lair:1   | Gained mutation: Your touch may irresistibly damage your
                  | foes and sap their willpower. [demonic ancestry]
 16893 | Lair:1   | Reached XP level 13. HP: 106/106 MP: 19/27
 18672 | Lair:2   | Found a staircase to the Shoals.
 19061 | Lair:3   | Found a hole to the Spider Nest.
 20425 | Lair:4   | Reached skill level 12 in Fighting
 20903 | Lair:4   | Found a viscous altar of Jiyva.
 20903 | Lair:4   | Found a staircase to the Slime Pits.
 21703 | Lair:4   | Found a runed translucent door.
 21714 | Lair:4   | Reached XP level 14. HP: 115/115 MP: 29/29
 21728 | Lair:4   | Noticed Rupert
 21791 | Lair:5   | Entered Level 5 of the Lair of Beasts
 22851 | Lair:5   | Reached skill level 10 in Earth Magic
 24065 | Orc:1    | Entered Level 1 of the Orcish Mines
 24567 | Orc:1    | Found a burning altar of Makhleb.
 24827 | Orc:1    | Reached skill level 13 in Fighting
 25459 | Orc:1    | Noticed a stone giant
 25468 | Orc:1    | Killed a stone giant
 25521 | Orc:1    | Found the +12 pair of quick blades "Gyre" and "Gimble"
                  | {protect}
 25538 | Orc:1    | Identified the +4 triple sword "Jyxikad" {freeze, Str+5}
 25649 | Orc:1    | Reached XP level 15. HP: 111/124 MP: 27/30
 25861 | Orc:2    | Entered Level 2 of the Orcish Mines
 26950 | Orc:2    | Found a staircase to the Elven Halls.
 26984 | Orc:2    | Found Woitsot's Distillery.
 26984 | Orc:2    | Found Myeraz Kelo's Magic Scroll Shoppe.
 26986 | Orc:2    | Found Nakeatip's Magic Scroll Emporium.
 26988 | Orc:2    | Found Xuizeazihi's Book Boutique.
 26992 | Orc:2    | Bought a potion of heal wounds for 80 gold pieces
 26992 | Orc:2    | Bought a potion of haste for 160 gold pieces
 26992 | Orc:2    | Bought 2 potions of heal wounds for 160 gold pieces
 26992 | Orc:2    | Bought 2 potions of haste for 320 gold pieces
 26992 | Orc:2    | Bought a potion of resistance for 160 gold pieces
 26992 | Orc:2    | Bought a potion of curing for 48 gold pieces
 26992 | Orc:2    | Bought a potion of might for 64 gold pieces
 26992 | Orc:2    | Bought a potion of invisibility for 128 gold pieces
 26993 | Orc:2    | Bought a scroll of blinking for 82 gold pieces
 26993 | Orc:2    | Bought 2 scrolls of blinking for 165 gold pieces
 26993 | Orc:2    | Bought a scroll of teleportation for 33 gold pieces
 26993 | Orc:2    | Bought a scroll of teleportation for 33 gold pieces
 26993 | Orc:2    | Bought a scroll of silence for 104 gold pieces
 26995 | Orc:2    | Bought a scroll of acquirement for 676 gold pieces
 26995 | Orc:2    | Bought a scroll of teleportation for 39 gold pieces
 26995 | Orc:2    | Bought a scroll of teleportation for 39 gold pieces
 26995 | Orc:2    | Bought a scroll of teleportation for 39 gold pieces
 26995 | Orc:2    | Bought a scroll of enchant weapon for 97 gold pieces
 26995 | Orc:2    | Bought a scroll of fear for 52 gold pieces
 27000 | Orc:2    | Acquired a There-And-Back Book
 27002 | Orc:2    | Bought a book of Decay for 420 gold pieces
 27254 | D:9      | Bought the amulet of Seokhurije {Reflect Str+3 Int+4 SH+5}
                  | for 672 gold pieces
 27254 | D:9      | Bought the ring "Muist" {Contam rN++ Slay+4} for 1168 gold
                  | pieces
 27386 | D:10     | Killed Tyszek's ghost
 27387 | D:10     | Reached skill level 1 in Translocations
 27613 | D:14     | Reached skill level 1 in Short Blades
 28351 | D:14     | Found a gate to the Vaults.
 29780 | D:13     | Noticed a storm dragon
 29781 | D:13     | Found a runed translucent door.
 29783 | D:13     | Noticed a frost giant
 29783 | D:13     | Noticed a tengu reaver
 29903 | D:13     | Found a shimmering blue altar of Sif Muna.
 29927 | D:13     | Got Sif Muna's Codex of Fulmination
 30167 | D:15     | Entered Level 15 of the Dungeon
 30580 | D:15     | Found a staircase to the Depths.
 30668 | D:15     | Reached skill level 5 in Translocations
 31212 | D:15     | Identified the +1 helmet "Joeroso" {Str+5 Dex-5}
 31688 | Spider:1 | Entered Level 1 of the Spider Nest
 31871 | D:9      | Bought a ring of poison resistance for 260 gold pieces
 32057 | Spider:1 | Reached skill level 14 in Fighting
 32788 | Spider:1 | Gained mutation: You have a tail ending in a sharp stinger.
                  | [demonic ancestry]
 32788 | Spider:1 | Reached XP level 16. HP: 54/133 MP: 9/32
 33003 | Spider:1 | You fall into a shaft and drop 1 floor!
 33914 | Spider:3 | Reached skill level 5 in Short Blades
 34333 | Spider:2 | Noticed Nikola
 34345 | Spider:2 | Killed Nikola
 35535 | Spider:3 | Learned a level 6 spell: Dispersal
 35675 | Spider:3 | Identified the amulet "Feqol" {Rampage rF+ Regen+}
 36454 | Spider:4 | Entered Level 4 of the Spider Nest
 36534 | Spider:3 | Learned a level 5 spell: Arcjolt
 36544 | Spider:4 | Slain by a jorogumo

Illustrated notes

Levels and vault maps discovered:
D:1:      shiori_arrival_whats_in_store_for_you, layout_rooms,
          minmay_box_of_dots
D:2:      layout_loops_cross, serial_shops, shop, nicolae_diamond_shop,
          nicolae_shop_tiny_real_fake_doors, nicolae_shop_dealshenge, shop,
          basic_altar, kennysheep_minor_cross, uniq_natasha, uniq_jessica,
          uniq_robin
D:3:      layout_loops_ring, minitemple, lemuel_tele_altar,
          hellmonk_ecumenical_altar_blasted
D:4:      layout_loops_corners, nicolae_overflow_hidden_temple, temple_green
D:5:      layout_basic
D:6:      nicolae_cairo_tiling_very_big, layout_basic
D:7:      layout_basic, nzn_hepliaklqana_mist_gate
D:8:      layout_gridville, nicolae_looking_at_the_future
D:9:      layout_irregular_city, lemuel_round_altar, david_orc_2, serial_shops,
          shop, st_stairs_14, uniq_harold, uniq_grum
D:10:     layout_layer_cave, gammafunk_ghost_hydra_chop, enter_bailey_4
D:11:     layout_basic, hellmonk_lair_entry_icy, lightli_elemental_guards,
          uniq_gastronok
D:12:     layout_basic, maelrawn_ghost_gauntlet_escape, uniq_lodul
D:13:     minmay_gate_of_8, layout_cave_pools, led_sif_book
D:14:     layout_grid_maze, david_vaults_2, zin_academy
D:15:     grunt_enter_depths_magical_seal, layout_cave_pods,
          serial_bayou_pond_e, drop_trap
Temple:   eino_wide_crystal_templ
Lair:1:   layout_regular_city
Lair:2:   layout_cellular_growth, shoals_dummy_entry, serial_rivers,
          chequers_serial_rivers_marsh, chequers_serial_rivers_marsh,
          chequers_serial_rivers_micro_d, chequers_serial_rivers_small_a,
          grunt_megastairs_5
Lair:3:   layout_misc_corridors, nicolae_spider_entry_tight_spaces,
          beast_lair_carwin_6
Lair:4:   layout_cave_pods, nicolae_slime_entry_slimehenge,
          pdpol_lair_cabin_in_the_woods, lemuel_fruit_fields
Lair:5:   grunt_lair_end_beastmaster, layout_regular_city, grunt_megastairs_1,
          infiniplex_staircase_pool
Spider:1: layout_spider_delve, nicolae_spider_bug_shape
Spider:2: layout_cave_pods, uniq_nikola
Spider:3: layout_spider_delve
Spider:4: floodkiller_spider_rune_tomb
Orc:1:    giant_chief_lemuel, layout_caves, basic_altar
Orc:2:    st_orc_rangers, layout_caves

Skill      XL: |  1  2  3  4  5  6  7  8  9 10 11 12 13 14 15 16 |
---------------+-------------------------------------------------+-----
Dodging        | 2 3 4 |  4.4
Fighting       | 1 2 3 4 6 7 9 10 11 12 13 14 | 14.7
Armour         | 1 4 |  4.0
Spellcasting   | 3 4 5 6 7 8 9 10 11 12 | 12.9
Ice Magic      | 4 5 6 |  6.5
Air Magic      | 1 3 5 6 |  6.6
Earth Magic    | 1 3 5 7 8 9 10 11 12 | 12.3
Conjurations   | 2 5 7 9 |  9.4
Long Blades    | 2 5 6 8 |  8.6
Translocations | 6 8 |  8.5
Short Blades   | 4 5 |  5.8
Stealth        | |  1.7

Action                     |  1- 3 |  4- 6 |  7- 9 | 10-12 | 13-15 | 16-18 || total
---------------------------+-------+-------+-------+-------+-------+-------++-------
  Melee: Unarmed           |     1 |       |       |       |       |       ||     1
         Dagger            |    46 |    98 |   194 |   211 |     6 |       ||   555
         Tailslap          |     5 |    12 |    38 |    73 |   176 |    53 ||   357
         Touch             |     3 |    13 |    40 |    92 |   135 |       ||   283
         Punch             |       |       |     2 |     5 |    11 |       ||    18
         Kick              |       |       |    32 |    13 |       |       ||    45
         Demon blade       |       |       |       |   213 |   621 |       ||   834
         Pair of quick bla |       |       |       |       |   231 |   221 ||   452
  Throw: Throwing net      |       |       |       |     1 |     2 |       ||     3
   Cast: Freeze            |    29 |    19 |     2 |       |       |       ||    50
         Frozen Ramparts   |     3 |    20 |    40 |    66 |    89 |    15 ||   233
         Ozocubu's Armour  |       |     2 |    19 |    45 |    98 |    14 ||   178
         Mephitic Cloud    |       |       |     8 |    28 |    22 |     5 ||    63
         Stone Arrow       |       |       |       |    18 |    33 |     5 ||    56
         Petrify           |       |       |       |       |    11 |       ||    11
         Iron Shot         |       |       |       |       |    17 |    13 ||    30
 Invoke: Potion Petition   |       |       |       |     1 |     1 |       ||     2
         Call Merchant     |       |       |       |       |     3 |       ||     3
  Evoke: Wand              |       |     3 |    19 |    23 |    21 |       ||    66
         Phantom mirror    |       |       |       |     1 |     3 |       ||     4
    Use: Scroll            |     5 |     6 |     9 |     7 |    12 |     3 ||    42
         Potion            |     2 |     3 |     2 |     7 |    11 |     7 ||    32
   Stab: Sleeping          |       |     2 |       |     4 |    11 |     1 ||    18
         Distracted        |       |       |     2 |     4 |    10 |       ||    16
         Paralysed         |       |       |       |    47 |    87 |    19 ||   153
         Confused          |       |       |       |     6 |     3 |     2 ||    11
         Petrified         |       |       |       |       |    10 |       ||    10
 Armour: Robe              |     9 |    26 |    69 |   183 |   374 |    49 ||   710
         Skin              |       |    13 |     2 |    33 |    11 |       ||    59
  Dodge: Dodged            |    45 |    81 |   149 |   313 |   495 |    69 ||  1152
  Block: Other             |       |       |       |       |    34 |    26 ||    60
         Reflection        |       |       |       |       |     2 |       ||     2
